 Dungeon Crawl Stone Soup version 0.21-a0-146-g612aa8a (webtiles) character file.

2988 Jajjebox the Spear-Bearer (level 9, -4/75 HPs)
             Began as a Demonspawn Wanderer on July 26, 2017.
             Was a Priest of Okawaru.
             Splashed by a jelly's acid (7 damage)
             ... on level 7 of the Dungeon.
             The game lasted 00:29:03 (11905 turns).

Jajjebox the Spear-Bearer (Demonspawn Wanderer)    Turns: 11905, Time: 00:29:04

Health: -4/75      AC: -4    Str: 13    XL:     9   Next: 53%
Magic:  10/10      EV:  5    Int: 23    God:    Okawaru [***...]
Gold:   478        SH:  5    Dex: 11    Spells: 9/10 levels left

rFire    . . .     SeeInvis .   D - -2 whip (curse)
rCold    . . .     Gourm    .   k - +0 buckler
rNeg     . . .     Faith    .   c - +0 plate armour
rPois    .         Spirit   .   (no helmet)
rElec    .         Reflect  .   (no cloak)
rCorr    .         Harm     .   (no gloves)
MR       .....     Rnd*Tele +   (no boots)
Stlth    ..........             p - amulet of regeneration
HPRegen  0.62/turn              h - +5 ring of intelligence
MPRegen  0.12/turn              n - ring of flight

@: corroded, drained
A: hooves 1, powered by pain 1, robust 1, teleportitis 1, sturdy frame 1
a: Heroism, Renounce Religion, Evoke Flight


You were on level 7 of the Dungeon.
You worshipped Okawaru.
Okawaru was most pleased with you.
You were not hungry.

You visited 2 branches of the dungeon, and saw 9 of its levels.
You also visited: Sewer.

You collected 478 gold pieces.

Inventory:

Hand Weapons
 a - a +2 hand axe
 g - a +0 glaive
 i - a +0 dagger of draining
 q - a +1 dagger of speed
 y - a +0 falchion of protection
 B - a +0 spear
 D - a cursed -2 whip (weapon)
 E - a +2 falchion of electrocution
Missiles
 G - a throwing net (quivered)
Armour
 c - a +0 plate armour (worn)
 d - a +0 robe
 k - a +0 buckler (worn)
 o - a +0 chain mail
 u - a +0 ring mail of fire resistance
Magical Staves
 x - an uncursed staff of energy
Jewellery
 h - a +5 ring of intelligence (left hand)
 n - a ring of flight (right hand)
 p - an amulet of regeneration (around neck)
 v - an uncursed ring of loudness
Wands
 l - a wand of flame (0/48)
 w - a wand of random effects (0/48)
 C - a wand of flame (0/48)
Scrolls
 e - 3 scrolls of identify
Potions
 r - 4 potions of curing
 s - a potion of flight
Books
 b - Cirijanu's Guide on Curses

   Spells                             Type                      Level
   a - Corona                         Hexes                        1
   b - Spectral Weapon                Hexes/Charms                 3
 F - a book of Cantrips

   Spells                             Type                      Level
   a - Confusing Touch                Hexes                        1
   b - Animate Skeleton               Necromancy                   1
   c - Summon Small Mammal            Summoning                    1
   d - Apportation                    Translocation                1
Comestibles
 f - 3 bread rations
 j - 3 royal jellies
 m - 3 fruits
 t - 7 meat rations


   Skills:
 - Level 6.0(5.9) Fighting
 - Level 1.7(5.8) Axes
 * Level 9.0 Polearms
 - Level 3.0(2.9) Armour
 - Level 5.0(4.9) Shields
 - Level 1.0(0.9) Spellcasting
   Level 4.0(3.9) Conjurations
 - Level 1.0(0.9) Evocations


You had 9 spell levels left.
You knew the following spells:

 Your Spells              Type           Power        Failure   Level  Hunger
a - Corona                Hex            #......      100%        1    ##.....


Dungeon Overview and Level Annotations

Branches:
Dungeon (8/15)             Temple (1/1) D:4
   Lair: D:8-11

Altars:
Ashenzari
Hepliaklqana
Kikubaaqudgha
Okawaru
Uskayaw
Vehumet
Xom
The Shining One

Annotations:
D:2 Sigmund


Innate Abilities, Weirdness & Mutations

You have large cloven feet.
You sometimes gain a little power by taking damage.
Your movements are slightly less encumbered by armour. (ER -2)
You are robust. (+10% HP)
You are occasionally teleported next to monsters.


Message History

* * * LOW HITPOINT WARNING * * *
You hit the jelly but do no damage.
Your hands burn!
* * * LOW HITPOINT WARNING * * *
The jelly is almost dead.
The jelly hits you.
* * * LOW HITPOINT WARNING * * *
You are splashed with acid!
The acid burns!
* * * LOW HITPOINT WARNING * * *
You hit the jelly but do no damage.
Your hands burn!
* * * LOW HITPOINT WARNING * * *
You kick the jelly, but do no damage.
The jelly is almost dead.
The jelly barely misses you.
You hit the jelly but do no damage.
Your hands burn!
* * * LOW HITPOINT WARNING * * *
The jelly is almost dead.
The jelly hits you.
* * * LOW HITPOINT WARNING * * *
The acid corrodes you!
You are splashed with acid!
The acid burns!
You die...

##.## ### ###.##
#.## ##..## ##.###
##...#
##..########....#
#......##......#
##.............#
#.............#
##.....@......#
###....J.....#
###........#
##.......##
#........#
#.[......###
##..........#### #
#..............####
##....###...........


You could see a jelly.

Vanquished Creatures
  The ghost of Zigma the Ruffian, an amateur DrMo (D:5)
  Prince Ribbit (D:6)
  An ice beast (D:6)
  2 sky beasts
  An orc warrior (D:6)
  An ogre (D:4)
  A phantom (D:7)
  3 centaurs
  2 big kobolds
  2 bullfrogs
  A scorpion (D:6)
  3 killer bees
  5 wights (D:6)
  3 howler monkeys
  5 crimson imps
  A centaur zombie (D:8)
  2 bullfrog zombies (D:6)
  A hound (D:6)
  A centaur skeleton (D:7)
  2 jellies
  2 bullfrog skeletons
  Jessica (D:3)
  2 iguanas (D:7)
  Terence (D:2)
  2 orc wizards (D:6)
  5 worker ants
  A howler monkey skeleton (D:7)
  3 gnolls (D:2)
  10 adders
  A shadow imp (D:6)
  2 oozes
  2 adder zombies
  2 worms
  4 dart slugs
  4 leopard geckos
  22 orcs
  12 bats
  8 giant cockroaches
  12 hobgoblins
  15 jackals
  5 quokkas
  4 ball pythons
  4 frilled lizards
  10 goblins
  10 kobolds
  A leopard gecko zombie (D:7)
  A quokka skeleton (D:7)
  10 rats
195 creatures vanquished.

Vanquished Creatures (others)
  A human (D:3)
1 creature vanquished.

Grand Total: 196 creatures vanquished

Notes
Turn   | Place    | Note
-------+----------+-------------------------------------------
     0 | D:1      | Jajjebox the Demonspawn Wanderer began the quest for the Orb.
     0 | D:1      | Jajjebox set off with: a +2 hand axe, Cirijanu's Guide on Curses, a potion of lignification, a +0 robe, a bread ration
     0 | D:1      | Reached XP level 1. HP: 15/15 MP: 2/2
     0 | D:1      | Identified Cirijanu's Guide on Curses
     2 | D:1      | Learned a level 1 spell: Corona
   503 | D:1      | Gained mutation: You have large cloven feet. [demonic ancestry]
   503 | D:1      | Reached XP level 2. HP: 13/22 MP: 3/3
  1310 | D:1      | Reached XP level 3. HP: 28/29 MP: 4/4
  1709 | D:2      | Found a shimmering altar of Xom.
  2020 | D:2      | Found a faded altar of an unknown god.
  2090 | D:2      | Noticed Sigmund
  2201 | D:2      | Reached XP level 4. HP: 32/37 MP: 5/5
  2222 | D:2      | Noticed Terence
  2252 | D:2      | Killed Terence
  3067 | D:2      | Reached XP level 5. HP: 38/43 MP: 6/6
  3615 | D:3      | Noticed Jessica
  3624 | D:3      | Killed Jessica
  3631 | D:3      | Reached skill level 5 in Fighting
  3723 | D:3      | Found a glowing drain.
  3741 | Sewer    | Entered a sewer
  3810 | Sewer    | Reached skill level 1 in Armour
  3833 | Sewer    | Found a glowing silver altar of Zin.
  4013 | D:3      | Reached XP level 6. HP: 17/51 MP: 7/7
  4613 | D:3      | Found an ancient bone altar of Kikubaaqudgha.
  4616 | D:3      | Noticed a human
  4618 | D:3      | Killed a human
  5306 | D:4      | Found a staircase to the Ecumenical Temple.
  5359 | Temple   | Entered the Ecumenical Temple
  5368 | Temple   | Became a worshipper of Warmaster Okawaru
  5541 | D:4      | Gained mutation: You sometimes gain a little power by taking damage. [demonic ancestry]
  5541 | D:4      | Reached XP level 7. HP: 57/57 MP: 8/8
  5976 | D:5      | Entered Level 5 of the Dungeon
  5976 | D:5      | Noticed Zigma's ghost (amateur DrMo)
  6171 | D:5      | Gained mutation: You are occasionally teleported next to monsters. [potion of mutation]
  6171 | D:5      | Gained mutation: You are robust. (+10% HP) [potion of mutation]
  6247 | D:5      | Killed Zigma's ghost
  6247 | D:5      | Reached skill level 1 in Polearms
  6549 | D:5      | Reached skill level 2 in Polearms
  7263 | D:6      | Reached skill level 3 in Polearms
  7401 | D:6      | Noticed Prince Ribbit
  7416 | D:6      | Killed Prince Ribbit
  7416 | D:6      | Reached * piety under Okawaru
  7416 | D:6      | Reached skill level 4 in Polearms
  7416 | D:6      | Gained mutation: Your movements are slightly less encumbered by armour. (ER -2) [demonic ancestry]
  7416 | D:6      | Reached XP level 8. HP: 70/70 MP: 9/9
  7960 | D:6      | Reached skill level 5 in Polearms
  8158 | D:6      | Found a hide-covered altar of Uskayaw.
  8750 | D:7      | Reached skill level 5 in Shields
  8943 | D:6      | Reached skill level 6 in Polearms
  9205 | D:6      | Reached ** piety under Okawaru
  9208 | D:6      | Reached XP level 9. HP: 38/75 MP: 10/10
  9408 | D:6      | Reached skill level 7 in Polearms
 10625 | D:7      | Reached skill level 8 in Polearms
 11776 | D:7      | Reached *** piety under Okawaru
 11796 | D:7      | Reached skill level 9 in Polearms
 11884 | D:8      | Noticed a troll
 11904 | D:7      | HP: 3/75 [acid (4)]
 11905 | D:7      | Splashed by a jelly's acid

Vault maps used:
D:1:      evilmike_arrival_run_for_it, grunt_decor_one_mirror
D:2:      xom_teletrap_fun, chequers_ecumenical_altar_simple_redux,
          uniq_terence, uniq_sigmund
D:3:      cheibrodos_sewer_entry_sluice, grunt_ministairs_9, tgw_kikubaaqudgha,
          uniq_jessica
D:4:      temple_doors_e, first_bread
D:5:      kennysheep_small_square
D:6:      basic_altar, uniq_prince_ribbit1
D:8:      david_nohive_1, nemelex_diamond_rough_becter
Temple:   regret_index_temple_chain_breaker
Sewer:    sewer_kobolds

Skill      XL: |  1  2  3  4  5  6  7  8  9 |
---------------+----------------------------+-----
Fighting       | 2 3 4 5 6 |  6.0
Armour         | 1 2 3 |  3.0
Shields        | 2 3 4 5 |  5.0
Polearms       | 4 6 9 |  9.0
Axes           | |  1.7
Spellcasting   | |  1.0
Conjurations   | |  4.0
Evocations     | |  1.0

Action                   |  1- 3 |  4- 6 |  7- 9 || total
-------------------------+-------+-------+-------++-------
Melee: Hand axe          |   118 |   112 |       ||   230
       Kick              |    16 |    87 |   325 ||   428
       Dagger            |       |   239 |   228 ||   467
       Whip              |       |       |  1177 ||  1177
Evoke: Wand              |       |     5 |    83 ||    88
  Use: Potion            |       |     3 |     8 ||    11
       Scroll            |       |     1 |    15 ||    16
  Eat: Chunk             |     4 |    10 |     9 ||    23
       Bread ration      |       |       |     4 ||     4
Armor: Robe              |    39 |    10 |       ||    49
       Chain mail        |       |   126 |   230 ||   356
       Skin              |       |       |    23 ||    23
       Plate armour      |       |       |   556 ||   556
Dodge: Dodged            |    75 |    94 |   334 ||   503
Block: Buckler           |       |     2 |   256 ||   258
